[Event "Titled Tuesday Blitz June 27 Late 2023"]
[White "Mekhitarian, Krikor Sevag"]
[Black "Flynn, Jacob"]
[WhiteFideId "2107660"]
[BlackFideId "2509393"]
[WhiteElo "2877"]
[BlackElo "2469"]
[Result "0-1"]
[Round "1"]
[TimeControl "180+2"]
[Date "2023.06.27"]
[WhiteClock "0:00:11"]
[BlackClock "0:00:12"]
[Board "47"]

1. Nf3 Nf6 2. c4 c5 3. Nc3 e6 4. e4 d5 5. cxd5 exd5 6. e5 Ne4 7. Bd3 Nxc3 8. dxc3 Nc6 9. O-O h6 10. h3 Be6 11. Re1 Be7 12. Bf4 Qd7 13. a3 g5 14. Bg3 O-O-O 15. b4 h5 16. bxc5 h4 17. Bh2 g4 18. hxg4 Bxg4 19. Rb1 h3 20. g3 Bxc5 21. Be2 Rhe8 22. Nd4 Bxe2 23. Rxe2 Nxe5 24. Re3 Ng4 25. Rxe8 Rxe8 26. Qf3 Bxd4 27. cxd4 Qe6 28. Kh1 Qe4 29. Qxe4 Nxf2+ 30. Kg1 Nxe4 31. g4 Nd2 32. Rc1+ Nc4 33. Kf2 Re4 34. Be5 Rxg4 35. Rc3 Rh4 36. Bh2 Kd7 37. Rg3 Rxd4 38. Rxh3 Re4 39. Rh7 Ke6 40. Rh6+ Kd7 41. Rh7 Re7 42. Bf4 Nxa3 43. Bg5 f6 44. Rh3 fxg5 45. Rxa3 a6 46. Kf3 Kc6 47. Rc3+ Kb5 48. Rc1 d4 49. Rb1+ Kc4 50. Rc1+ Kb3 51. Rd1 Kc3 52. Rg1 d3 53. Rxg5 d2 54. Rc5+ Kb2 55. Rd5 Kc1 56. Rc5+ Kd1 57. Ra5 b5 58. Ra1+ Kc2 59. Ra2+ Kc3 60. Ra1 Re1 0-1


[Site "https://www.chess.com"]

[Event "Titled Tuesday Blitz June 27 Late 2023"]
[White "Tomaszewski, Kacper"]
[Black "Horvath, Dominik"]
[WhiteFideId "1127373"]
[BlackFideId "1642561"]
[WhiteElo "2462"]
[BlackElo "2869"]
[Result "0-1"]
[Round "1"]
[TimeControl "180+2"]
[Date "2023.06.27"]
[WhiteClock "0:00:04"]
[BlackClock "0:00:48"]
[Board "48"]

1. e4 c6 2. c4 d5 3. exd5 cxd5 4. Nf3 d4 5. d3 Nc6 6. g3 Nf6 7. Bg2 h6 8. O-O Bf5 9. Re1 e6 10. Na3 Be7 11. Nc2 a5 12. b3 O-O 13. a3 Qb6 14. Rb1 Rfd8 15. Bd2 Bxd3 16. Bxa5 Qxa5 17. Qxd3 Qc3 18. Qxc3 dxc3 19. b4 Ne8 20. Rb3 Bf6 21. h4 Nd6 22. Bf1 Rac8 23. Nh2 h5 24. g4 Nd4 25. Nxd4 Bxd4 26. Nf3 Nxc4 27. Nxd4 Nd2 28. Rc1 Rxd4 29. Rbxc3 Rxc3 30. Rxc3 Rxg4+ 31. Rg3 Rxg3+ 32. fxg3 Nxf1 33. Kxf1 b5 34. Ke2 Kf8 35. Kd3 Ke7 36. Kc3 e5 37. a4 bxa4 38. b5 Kd6 39. Kb4 e4 40. Kxa4 e3 0-1


[Site "https://www.chess.com"]

[Event "Titled Tuesday Blitz June 27 Late 2023"]
[White "Erdogmus, Yagiz Kaan"]
[Black "Dobre, Claudiu-Cristian"]
[WhiteFideId "44599790"]
[BlackFideId "1211854"]
[WhiteElo "2865"]
[BlackElo "2461"]
[Result "1-0"]
[Round "1"]
[TimeControl "180+2"]
[Date "2023.06.27"]
[WhiteClock "0:00:16"]
[BlackClock "0:00:05"]
[Board "49"]

1. e4 Nc6 2. Nc3 e5 3. Bc4 Nf6 4. d3 Na5 5. Nge2 Bc5 6. O-O O-O 7. a4 Nxc4 8. dxc4 a5 9. b3 d6 10. Qd3 Bg4 11. Be3 Bxe2 12. Nxe2 Nd7 13. Rad1 Bxe3 14. Qxe3 Nc5 15. Ng3 g6 16. Rd5 Ne6 17. Rfd1 Qh4 18. Ne2 b6 19. R5d2 f5 20. exf5 gxf5 21. Nc3 f4 22. Qe4 Ng5 23. Qd5+ Kh8 24. f3 Rg8 25. Kh1 Rg6 26. Qxa8+ Kg7 27. Qc8 Rh6 28. Qxc7+ Kg8 29. Qd8+ Kg7 30. Qe7+ Kg8 31. h3 Qg3 32. Qe8+ Kg7 33. Qd7+ Kg8 34. Ne2 Rxh3+ 35. Qxh3 Qxh3+ 36. gxh3 Nxh3 37. Kg2 Ng5 38. Rxd6 1-0


[Site "https://www.chess.com"]

[Event "Titled Tuesday Blitz June 27 Late 2023"]
[White "Titichoca Daza, Daniel"]
[Black "Holt, Conrad"]
[WhiteFideId "3309550"]
[BlackFideId "2034387"]
[WhiteElo "2459"]
[BlackElo "2864"]
[Result "0-1"]
[Round "1"]
[TimeControl "180+2"]
[Date "2023.06.27"]
[WhiteClock "0:00:08"]
[BlackClock "0:00:14"]
[Board "50"]

1. e4 e6 2. Nf3 d5 3. Nc3 Nf6 4. Qe2 Be7 5. g4 O-O 6. g5 Nxe4 7. Nxe4 dxe4 8. Qxe4 Bxg5 9. h4 f5 10. Qc4 Bf6 11. d4 Nc6 12. Be3 Qd5 13. Qe2 f4 14. Bd2 Nxd4 15. Nxd4 Bxd4 16. Rg1 f3 17. Qd3 Qe5+ 18. Kd1 Qh2 19. Rg5 Bf6 20. Rg3 Qxf2 21. Rxf3 Qxh4 22. Rh3 Rd8 23. Rxh4 Rxd3 24. Bxd3 Bxh4 25. a4 Bd7 26. a5 Bf6 27. a6 b6 28. c3 Bc6 29. Kc2 Rd8 30. Re1 Ba4+ 31. b3 Bxb3+ 32. Kxb3 Rxd3 33. Bf4 Rxc3+ 34. Kb4 c6 35. Bb8 Rf3 36. Bxa7 Bc3+ 37. Kc4 Bxe1 38. Bxb6 Ra3 39. a7 Kf7 0-1


[Site "https://www.chess.com"]

[Event "Titled Tuesday Blitz June 27 Late 2023"]
[White "Elsa167"]
[Black "Manukian, Artak"]
[BlackFideId "13301373"]
[WhiteElo "2861"]
[BlackElo "2455"]
[Result "1-0"]
[Round "1"]
[TimeControl "180+2"]
[Date "2023.06.27"]
[WhiteClock "0:01:19"]
[BlackClock "0:00:30"]
[Board "51"]

1. d4 d5 2. c4 dxc4 3. e3 e5 4. Bxc4 exd4 5. exd4 Nf6 6. Nc3 Be7 7. Nf3 O-O 8. O-O Bg4 9. h3 Bh5 10. g4 Bg6 11. Ne5 Nc6 12. f4 Nxd4 13. f5 Nxf5 14. gxf5 Bh5 15. Qxd8 Raxd8 16. Bf4 Rd4 17. Be3 Bc5 18. Rae1 Re8 19. Bf2 b6 20. b4 Rxc4 21. Nxc4 Rxe1 22. Rxe1 Bxb4 23. Rc1 Kf8 24. Bg3 c5 25. a3 Bxc3 26. Rxc3 Ne4 27. Re3 Nxg3 28. Rxg3 f6 29. Re3 Bf7 30. Nd6 c4 31. Nxf7 Kxf7 32. Re6 g6 33. Rc6 1-0


[Site "https://www.chess.com"]

[Event "Titled Tuesday Blitz June 27 Late 2023"]
[White "NLLO777"]
[Black "Bordi, Kevin"]
[BlackFideId "621862"]
[WhiteElo "2453"]
[BlackElo "2859"]
[Result "1/2-1/2"]
[Round "1"]
[TimeControl "180+2"]
[Date "2023.06.27"]
[WhiteClock "0:00:10"]
[BlackClock "0:00:20"]
[Board "52"]

1. d4 d5 2. c4 c6 3. Nf3 Nf6 4. Qc2 g6 5. cxd5 cxd5 6. Nc3 Nc6 7. Bf4 Bf5 8. Qb3 Bg7 9. e3 O-O 10. Be2 Qb6 11. O-O Qxb3 12. axb3 Rfd8 13. Rfc1 Rac8 14. h3 Ne4 15. g4 Nxc3 16. bxc3 Be6 17. b4 a6 18. b5 axb5 19. Bxb5 h5 20. gxh5 gxh5 21. Kg2 Bf5 22. c4 Be4 23. Kg3 dxc4 24. Bxc4 e6 25. h4 Ne7 26. Ng5 Nf5+ 27. Kh3 Bd5 28. Bxd5 exd5 29. Rxc8 Rxc8 30. Rb1 Rc2 31. Rxb7 Rxf2 32. Rxf7 Nxe3 33. Rxg7+ Kxg7 34. Bxe3 Re2 35. Bf4 Kg6 36. Kg3 Kf5 37. Nf7 Ra2 38. Nd6+ Ke6 39. Be5 Rb2 40. Ne8 Kf5 41. Ng7+ Kg6 42. Ne6 Kf5 43. Nf4 Rb3+ 44. Kf2 Kg4 45. Nxd5 Kxh4 46. Ne3 Kg5 47. d5 h4 48. d6 h3 49. Kf3 Rb7 50. Ke4 Rh7 51. Bh2 Kf6 52. Kd5 Kf7 53. Ng4 Rh5+ 54. Ne5+ Ke8 55. Ke6 Rh6+ 56. Kd5 Rh5 57. d7+ Kd8 58. Ke6 Rh6+ 59. Kf5 Rh5+ 60. Kf6 Rxe5 61. Kxe5 Kxd7 62. Kf4 Ke6 63. Kg3 Kf5 64. Kxh3 1/2-1/2


[Site "https://www.chess.com"]

[Event "Titled Tuesday Blitz June 27 Late 2023"]
[White "Licznerski, Lukasz"]
[Black "Mickiewicz, Piotr"]
[WhiteFideId "1179250"]
[BlackFideId "1114891"]
[WhiteElo "2855"]
[BlackElo "2452"]
[Result "1-0"]
[Round "1"]
[TimeControl "180+2"]
[Date "2023.06.27"]
[WhiteClock "0:00:04"]
[BlackClock "0:00:00"]
[Board "53"]

1. e4 c5 2. Nf3 d6 3. Bb5+ Bd7 4. Bxd7+ Qxd7 5. O-O Nc6 6. c3 Nf6 7. Re1 e6 8. d4 cxd4 9. cxd4 d5 10. e5 Ne4 11. Nbd2 Nxd2 12. Bxd2 Be7 13. Rc1 O-O 14. a3 Rfc8 15. Rc3 Bf8 16. Rd3 b5 17. Ng5 h6 18. Nh3 Ne7 19. g4 a5 20. g5 Nf5 21. gxh6 g6 22. h7+ Kh8 23. Ng5 Bh6 24. Qg4 Rc2 25. h4 b4 26. h5 Rxd2 27. Rxd2 Qe7 28. f4 bxa3 29. bxa3 Bxg5 30. fxg5 Qxa3 31. hxg6 fxg6 32. Qf4 Qc3 33. Rb1 a4 34. Rdb2 Qxd4+ 35. Qxd4 Nxd4 36. Kg2 Nc6 37. Rb6 Nxe5 38. Rxe6 Nc4 39. Rxg6 a3 40. Rb7 a2 41. Rg8+ Rxg8 42. hxg8=Q+ Kxg8 43. Ra7 Ne3+ 44. Kf3 Nc2 45. Rxa2 Nd4+ 46. Kg4 Nc6 47. Ra6 Ne5+ 48. Kf5 Nd3 49. Ra8+ Kg7 50. Ra7+ Kg8 51. Kf6 1-0


[Site "https://www.chess.com"]

[Event "Titled Tuesday Blitz June 27 Late 2023"]
[White "Herman, Daniel"]
[Black "Pichot, Alan"]
[WhiteFideId "30935008"]
[BlackFideId "110973"]
[WhiteElo "2447"]
[BlackElo "2853"]
[Result "0-1"]
[Round "1"]
[TimeControl "180+2"]
[Date "2023.06.27"]
[WhiteClock "0:00:00"]
[BlackClock "0:02:00"]
[Board "54"]

1. c4 Nf6 2. Nc3 e5 3. Nf3 Nc6 4. e3 Bb4 5. Qc2 O-O 6. Nd5 Re8 7. Ng5 g6 8. a3 Nxd5 9. cxd5 Qxg5 10. axb4 Nxb4 11. Qb3 a5 12. h4 Qf5 13. d3 e4 14. dxe4 Qxe4 15. f3 Nc2+ 16. Kf2 Nxa1 17. Qc3 Qc2+ 18. Qxc2 Nxc2 19. h5 c6 20. d6 b5 21. hxg6 fxg6 22. Bd3 Nb4 23. Bb1 c5 24. Bd2 c4 25. Bc3 Nd3+ 26. Ke2 b4 27. Bd4 Ba6 28. Kd2 Re6 0-1


[Site "https://www.chess.com"]

[Event "Titled Tuesday Blitz June 27 Late 2023"]
[White "Hamidi, Amir Mohammad"]
[Black "Mazurkiewicz, Michal"]
[WhiteFideId "12563285"]
[BlackFideId "1124943"]
[WhiteElo "2839"]
[BlackElo "2447"]
[Result "1-0"]
[Round "1"]
[TimeControl "180+2"]
[Date "2023.06.27"]
[WhiteClock "0:01:13"]
[BlackClock "0:00:05"]
[Board "55"]

1. d4 Nf6 2. c4 e5 3. dxe5 Ng4 4. Bf4 Nc6 5. Nf3 Bb4+ 6. Nbd2 Qe7 7. a3 Ncxe5 8. Nxe5 Nxe5 9. e3 Bc5 10. Be2 d6 11. O-O a5 12. Ne4 Ba7 13. Nc3 c6 14. b3 O-O 15. Qd2 Be6 16. Rfd1 Rfd8 17. Qc2 f5 18. Rd2 g5 19. Bg3 Rf8 20. Bxe5 dxe5 21. Na4 e4 22. c5 Rae8 23. Bc4 Bb8 24. Rad1 Kg7 25. Nb6 Qxc5 26. Nd7 Bxd7 27. Rxd7+ Re7 28. Qc3+ Be5 29. Rxe7+ Qxe7 30. Qxa5 f4 31. Qb4 Qxb4 32. axb4 fxe3 33. fxe3 Bc3 34. Rd7+ Kh6 35. b5 Be1 36. Bf7 Kg7 37. bxc6 bxc6 38. Bd5+ Kh6 39. Bxe4 Bf2+ 40. Kh1 Bxe3 41. Rxh7# 1-0


[Site "https://www.chess.com"]

[Event "Titled Tuesday Blitz June 27 Late 2023"]
[White "Sukandar, Irine Kharisma"]
[Black "Krzyzanowski, Marcin"]
[WhiteFideId "7101937"]
[BlackFideId "1132199"]
[WhiteElo "2447"]
[BlackElo "2838"]
[Result "0-1"]
[Round "1"]
[TimeControl "180+2"]
[Date "2023.06.27"]
[WhiteClock "0:00:17"]
[BlackClock "0:00:55"]
[Board "56"]

1. d4 Nf6 2. c4 d6 3. Nc3 e5 4. dxe5 dxe5 5. Qxd8+ Kxd8 6. Nf3 Nfd7 7. g3 f6 8. Bg2 c6 9. O-O Kc7 10. b3 a5 11. Be3 Bc5 12. Bxc5 Nxc5 13. Nd2 Nba6 14. Nde4 Bf5 15. Nxc5 Nxc5 16. e4 Be6 17. f4 Rhd8 18. Rfd1 Bg4 19. Rxd8 Rxd8 20. h3 Bh5 21. g4 Bf7 22. fxe5 fxe5 23. Rf1 Be6 24. Rd1 Rxd1+ 25. Nxd1 a4 26. b4 Nd3 27. a3 c5 28. Bf1 Nb2 29. bxc5 Nxd1 0-1


[Site "https://www.chess.com"]

[Event "Titled Tuesday Blitz June 27 Late 2023"]
[White "Harshavardhan G B"]
[Black "Karas, Marek"]
[WhiteFideId "25059009"]
[BlackFideId "14928558"]
[WhiteElo "2815"]
[BlackElo "2446"]
[Result "1-0"]
[Round "1"]
[TimeControl "180+2"]
[Date "2023.06.27"]
[WhiteClock "0:02:19"]
[BlackClock "0:00:42"]
[Board "57"]

1. d4 Nf6 2. c4 c5 3. d5 b5 4. Nf3 g6 5. cxb5 a6 6. b6 Qxb6 7. Nc3 d6 8. e4 Bg7 9. Be2 O-O 10. O-O Bg4 11. Nd2 Bxe2 12. Qxe2 Nbd7 13. f4 Ne8 14. Kh1 Nc7 15. Nc4 Qb7 16. Na5 Qb6 17. Nc6 e6 18. f5 exd5 19. Ne7+ Kh8 20. Nexd5 Nxd5 21. Nxd5 Qd8 22. Qf3 Qh4 23. g3 Qh3 24. Nf4 Qh6 25. Nxg6+ hxg6 26. Bxh6 Bxh6 27. Rad1 Ne5 28. Qc3 1-0


[Site "https://www.chess.com"]

[Event "Titled Tuesday Blitz June 27 Late 2023"]
[White "Labussiere, Yago"]
[Black "Bazeev, German"]
[WhiteFideId "2186969"]
[BlackFideId "24119350"]
[WhiteElo "2444"]
[BlackElo "2805"]
[Result "0-1"]
[Round "1"]
[TimeControl "180+2"]
[Date "2023.06.27"]
[WhiteClock "0:00:34"]
[BlackClock "0:01:19"]
[Board "58"]

1. c4 e5 2. Nc3 Nf6 3. Nf3 Nc6 4. e3 Bb4 5. Qc2 Bxc3 6. bxc3 O-O 7. e4 d6 8. Be2 Nd7 9. O-O Nc5 10. d4 Nd7 11. Be3 b6 12. Nd2 Bb7 13. f4 exf4 14. Rxf4 Ne7 15. Raf1 Ng6 16. R4f2 f6 17. Bg4 Qe7 18. g3 Rae8 19. Bf5 Rf7 20. Re1 Ndf8 21. Rfe2 Bc8 22. Bf2 Qd8 23. Nf3 Ne7 24. Bxc8 Qxc8 25. Kg2 Neg6 26. Qb3 Qg4 27. Be3 Rxe4 28. Bc1 Rxe2+ 29. Rxe2 Qd7 30. h3 Re7 31. c5+ d5 32. Qc2 Rxe2+ 33. Qxe2 Qe6 34. Qa6 bxc5 35. dxc5 Qxa6 0-1


[Site "https://www.chess.com"]

[Event "Titled Tuesday Blitz June 27 Late 2023"]
[White "Haydon, David L"]
[Black "Herrera, Juan Sebastian"]
[WhiteFideId "415405"]
[BlackFideId "4403266"]
[WhiteElo "2800"]
[BlackElo "2443"]
[Result "1-0"]
[Round "1"]
[TimeControl "180+2"]
[Date "2023.06.27"]
[WhiteClock "0:01:05"]
[BlackClock "0:00:08"]
[Board "59"]

1. d4 d5 2. Nf3 Nf6 3. Bf4 g6 4. e3 Bg7 5. h3 O-O 6. Bd3 c5 7. c3 Nc6 8. dxc5 Nd7 9. Bh2 Nxc5 10. Bc2 a5 11. O-O b6 12. Nbd2 Bb7 13. Nb3 e5 14. Re1 Qe7 15. Nxc5 bxc5 16. e4 d4 17. cxd4 cxd4 18. a3 Rfd8 19. Bd3 a4 20. Rc1 h6 21. Bb5 Na5 22. Qxa4 d3 23. Nd2 Rd4 24. b4 Nc4 25. Qd1 Nxa3 26. Ba4 Qxb4 27. Bb3 Rad8 28. Rc7 R8d7 29. Rxd7 Rxd7 30. f4 Nc2 31. fxe5 Nxe1 32. e6 Qb6+ 33. Kh1 Qf2 34. Qg4 Rd8 35. exf7+ Kh7 36. Bf4 h5 37. Qg5 Bf6 38. Qh6# 1-0


[Site "https://www.chess.com"]

[Event "Titled Tuesday Blitz June 27 Late 2023"]
[White "Jiang, Andrew"]
[Black "Perez Ponsa, Federico"]
[WhiteFideId "30953510"]
[BlackFideId "117927"]
[WhiteElo "2441"]
[BlackElo "2799"]
[Result "1/2-1/2"]
[Round "1"]
[TimeControl "180+2"]
[Date "2023.06.27"]
[WhiteClock "0:01:59"]
[BlackClock "0:00:13"]
[Board "60"]

1. e4 c6 2. Nc3 d5 3. Qf3 dxe4 4. Nxe4 Nf6 5. Bc4 Nbd7 6. d4 e6 7. Ne2 Nxe4 8. Qxe4 Nf6 9. Qh4 Be7 10. Qg3 Qa5+ 11. c3 Qf5 12. Bd3 Qg4 13. Bf4 Qxg3 14. Nxg3 Nd5 15. Bd2 Bd6 16. Ne4 Be7 17. c4 Nf6 18. Ng3 b6 19. Bc3 Bb7 20. O-O h5 21. Rfe1 Rd8 22. Bc2 h4 23. Nf5 exf5 24. Bb4 c5 25. dxc5 Be4 26. Ba4+ Kf8 27. f3 bxc5 28. Bc3 Ba8 29. h3 Nh5 30. Re5 Ng3 31. Rae1 Rh6 32. Rxe7 Re6 33. R7xe6 fxe6 34. Rxe6 Kf7 35. Re1 Rd6 36. Bc2 Bc6 37. Rd1 Ne2+ 38. Kf2 Rxd1 39. Bxd1 Nxc3 40. bxc3 f4 41. Bc2 Kf6 42. Bd3 Ke5 43. Ke2 g5 44. Bg6 Bd7 45. Bd3 Be6 46. Kd2 Bf7 47. Be2 Be6 48. Bd3 Bf7 49. Be2 a5 50. Bd3 Be6 51. Be2 Bd7 52. Bd3 Be8 53. Be2 Bc6 54. Bd3 Bd7 55. Be2 Be6 56. Bd3 Bd7 57. Be2 Be6 58. Bd3 Bd7 1/2-1/2


[Site "https://www.chess.com"]

[Event "Titled Tuesday Blitz June 27 Late 2023"]
[White "Ohanyan, Emin"]
[Black "Luong Phuong Hanh"]
[WhiteFideId "13312022"]
[BlackFideId "12401013"]
[WhiteElo "2797"]
[BlackElo "2439"]
[Result "0-1"]
[Round "1"]
[TimeControl "180+2"]
[Date "2023.06.27"]
[WhiteClock "0:00:01"]
[BlackClock "0:00:54"]
[Board "61"]

1. e4 c5 2. Nf3 e6 3. d4 cxd4 4. Nxd4 a6 5. Bd3 Bc5 6. Nb3 Be7 7. O-O d6 8. c4 Nf6 9. Nc3 O-O 10. f4 Nbd7 11. Be3 b6 12. g4 g6 13. g5 Nh5 14. Be2 Ng7 15. h4 Bb7 16. Nd2 d5 17. cxd5 exd5 18. Nxd5 Bxd5 19. exd5 Nf5 20. Bf2 Bc5 21. Qb3 Bxf2+ 22. Rxf2 Nc5 23. Qh3 Qxd5 24. Bf3 Qd4 25. Bxa8 Rxa8 26. Nb3 Nxb3 27. Qxb3 Nxh4 28. Rd1 Qe4 29. Qd5 Qe8 30. Qe5 Qc8 31. Kf1 Qh3+ 32. Ke2 Qg4+ 33. Ke1 Nf3+ 34. Rxf3 Qxf3 35. Rc1 Qg3+ 36. Ke2 Qg2+ 37. Ke3 Rd8 38. Rc7 Qd2+ 39. Kf3 Rd3+ 0-1


[Site "https://www.chess.com"]

[Event "Titled Tuesday Blitz June 27 Late 2023"]
[White "szachmistrz2500"]
[Black "Kushko, Dmitriy"]
[BlackFideId "14162261"]
[WhiteElo "2439"]
[BlackElo "2793"]
[Result "0-1"]
[Round "1"]
[TimeControl "180+2"]
[Date "2023.06.27"]
[WhiteClock "0:00:08"]
[BlackClock "0:00:44"]
[Board "62"]

1. d4 g6 2. c4 Bg7 3. Nf3 d6 4. Nc3 e5 5. e4 Bg4 6. Be3 Nc6 7. d5 Nd4 8. Be2 Bxf3 9. Bxf3 Ne7 10. O-O O-O 11. Be2 c5 12. Bd3 f5 13. f4 fxe4 14. Bxe4 Nef5 15. Bc1 Qe7 16. Qd3 Rae8 17. Bd2 exf4 18. Bxf4 Be5 19. Bxe5 dxe5 20. Rae1 Nd6 21. a3 Rxf1+ 22. Rxf1 Rf8 23. b4 Rxf1+ 24. Qxf1 b6 25. bxc5 bxc5 26. Qd3 Qg5 27. g3 Kg7 28. Kg2 Qc1 29. Kh3 Qxa3 30. Nb5 Qxd3 31. Bxd3 N6xb5 32. cxb5 Nf5 33. g4 Nd6 34. Kg3 g5 35. Kf3 h6 36. Ke3 Kf6 37. Be4 Ke7 38. h3 Nxb5 39. Bd3 Nd6 40. Ba6 Kd7 41. Kd3 Kc7 42. Kc3 Kb6 43. Bd3 a5 44. Bg6 a4 45. Bc2 Ka5 46. Bd3 a3 47. Kb3 c4+ 0-1


[Site "https://www.chess.com"]

[Event "Titled Tuesday Blitz June 27 Late 2023"]
[White "Maksimovic, Bojan"]
[Black "SergioMoralesG"]
[WhiteFideId "14408120"]
[WhiteElo "2789"]
[BlackElo "2438"]
[Result "1-0"]
[Round "1"]
[TimeControl "180+2"]
[Date "2023.06.27"]
[WhiteClock "0:01:54"]
[BlackClock "0:00:09"]
[Board "63"]

1. Nf3 c5 2. g3 Nc6 3. Bg2 g6 4. O-O Bg7 5. d3 e6 6. Nc3 Nge7 7. e4 d6 8. Bf4 e5 9. Bg5 h6 10. Bxe7 Nxe7 11. Nd5 Nxd5 12. exd5 O-O 13. Nd2 f5 14. a4 Bd7 15. Nc4 Qf6 16. c3 f4 17. Be4 Bh3 18. Qe2 Bxf1 19. Rxf1 Rad8 20. Qg4 fxg3 21. hxg3 Qg5 22. Qxg5 hxg5 23. Bxg6 b6 24. Kg2 Rf6 25. Be4 Rb8 26. Ne3 b5 27. axb5 Rxb5 28. Nc4 Bf8 29. Ra1 a5 30. Ra2 Be7 31. Nxa5 g4 32. Nc4 Rf8 33. Ra7 Bg5 34. Ra1 Rd8 35. Rh1 Rb7 36. Bf5 Ra7 37. Bxg4 Ra2 38. Bf5 Kg7 39. Rh7+ Kg8 40. Be4 Rf8 41. Rb7 Ra1 42. Nxd6 Rd1 43. c4 Rd2 44. Bh7+ Kh8 45. Ne4 Rc2 46. Nxg5 Rfxf2+ 47. Kh3 Rxb2 48. Re7 Rbd2 49. Be4 Rh2+ 50. Kg4 Kg8 51. d6 Kf8 52. Ne6+ Kg8 53. d7 1-0


[Site "https://www.chess.com"]

[Event "Titled Tuesday Blitz June 27 Late 2023"]
[White "JERO-8914"]
[Black "Leitao, Rafael"]
[BlackFideId "2101246"]
[WhiteElo "2437"]
[BlackElo "2787"]
[Result "0-1"]
[Round "1"]
[TimeControl "180+2"]
[Date "2023.06.27"]
[WhiteClock "0:00:06"]
[BlackClock "0:00:25"]
[Board "64"]

1. e4 e5 2. Nf3 Nc6 3. Bc4 Nf6 4. d3 Be7 5. O-O O-O 6. c3 d6 7. h3 h6 8. Nbd2 Be6 9. Re1 Qd7 10. d4 exd4 11. cxd4 d5 12. exd5 Bxd5 13. Ne5 Qd6 14. Ndf3 Rad8 15. Bxd5 Nxd5 16. Be3 Bf6 17. Ng4 Rfe8 18. Qb3 Nb6 19. Rad1 Na5 20. Qc2 Nc6 21. Qb3 Qe6 22. Bxh6 Qxb3 23. Nxf6+ gxf6 24. axb3 Rxe1+ 25. Rxe1 Nxd4 26. Nxd4 Rxd4 27. Re8+ Kh7 28. Be3 Rb4 29. Re7 Nd5 30. Rxf7+ Kg6 31. Rd7 c6 32. Bd4 Rxb3 33. g4 Rxh3 34. Kg2 Rd3 35. Bxa7 Nf4+ 0-1


[Site "https://www.chess.com"]

[Event "Titled Tuesday Blitz June 27 Late 2023"]
[White "Tsaruk, Maksim"]
[Black "Remolar Gallen, Jose"]
[WhiteFideId "13511173"]
[BlackFideId "2215187"]
[WhiteElo "2786"]
[BlackElo "2437"]
[Result "1/2-1/2"]
[Round "1"]
[TimeControl "180+2"]
[Date "2023.06.27"]
[WhiteClock "0:00:51"]
[BlackClock "0:00:37"]
[Board "65"]

1. e4 c5 2. Nf3 d6 3. d4 cxd4 4. Nxd4 Nf6 5. Nc3 a6 6. g3 e5 7. Nb3 Be7 8. Bg2 O-O 9. O-O b5 10. a4 b4 11. Nd5 a5 12. Nxe7+ Qxe7 13. Bd2 Bb7 14. Re1 Rd8 15. c3 d5 16. cxb4 axb4 17. exd5 Bxd5 18. Bxd5 Rxd5 19. Qf3 Nc6 20. Bg5 Rad8 21. a5 Qe6 22. Bxf6 gxf6 23. a6 Rd3 24. Qxd3 Rxd3 25. Nc5 Qd5 26. Nxd3 Qxd3 27. a7 Nxa7 28. Rxa7 Qc2 29. Rb7 b3 30. Ra1 Qxb2 31. Ra8+ Kg7 32. Rab8 Qb1+ 33. Kg2 Qe4+ 34. Kg1 Qe1+ 35. Kg2 Qe4+ 36. Kg1 Qe1+ 37. Kg2 Qe4+ 1/2-1/2


[Site "https://www.chess.com"]

[Event "Titled Tuesday Blitz June 27 Late 2023"]
[White "liwadas82"]
[Black "Morefield, Jason"]
[BlackFideId "30920825"]
[WhiteElo "2437"]
[BlackElo "2763"]
[Result "0-1"]
[Round "1"]
[TimeControl "180+2"]
[Date "2023.06.27"]
[WhiteClock "0:00:00"]
[BlackClock "0:00:09"]
[Board "66"]

1. e4 d6 2. d4 Nf6 3. Nc3 g6 4. f3 c6 5. Be3 Nbd7 6. Qd2 b5 7. a4 b4 8. Nd1 a5 9. Nf2 Qc7 10. Bd3 c5 11. c3 Bg7 12. Ne2 O-O 13. O-O e5 14. Bb5 Rd8 15. d5 Nb6 16. c4 Bb7 17. b3 Nc8 18. Bh6 Ne7 19. Bxg7 Kxg7 20. Nd3 Rh8 21. Rf2 h5 22. Raf1 h4 23. h3 Rh5 24. f4 Nxe4 25. Qe3 Nxf2 26. Nxf2 Nf5 27. Qf3 Nd4 28. Nxd4 exd4 29. Ne4 Bc8 30. Ng5 Qe7 31. Kf2 Qe3+ 32. Qxe3 dxe3+ 33. Kxe3 Ra7 34. Kf3 Bf5 35. Re1 Kf6 36. Re8 Bc2 37. Rd8 Bxb3 38. Rxd6+ Kg7 39. Ke3 Bc2 40. Kd2 Bf5 41. Rc6 Re7 42. d6 Rd7 43. Rb6 Rd8 44. Rb7 Rxd6+ 45. Kc1 Rxg5 46. fxg5 Be6 47. Rc7 Rd3 48. Rxc5 Rg3 49. Bc6 Rc3+ 50. Kb2 Rxc4 51. Rxc4 Bxc4 52. Kc1 Kf8 53. Kd2 Ke7 54. Ke3 Kd6 55. Be4 Ke5 56. Bb1 b3 57. Kd2 Be6 58. Kc3 Kf4 59. Bd3 Kxg5 60. Be4 Kf4 61. Bf3 g5 62. Bd1 Kg3 63. Bf3 Bxh3 64. Bd5 Bxg2 65. Bxf7 h3 66. Bxb3 h2 67. Bd5 Bxd5 68. Kd4 h1=Q 69. Kc5 Qe4 0-1


[Site "https://www.chess.com"]

[Event "Titled Tuesday Blitz June 27 Late 2023"]
[White "Milikow, Yoav"]
[Black "Gasparyan, David"]
[WhiteFideId "2822237"]
[BlackFideId "13311980"]
[WhiteElo "2763"]
[BlackElo "2434"]
[Result "1-0"]
[Round "1"]
[TimeControl "180+2"]
[Date "2023.06.27"]
[WhiteClock "0:00:13"]
[BlackClock "0:00:02"]
[Board "67"]

1. c4 c5 2. Nc3 Nf6 3. Nf3 g6 4. d4 cxd4 5. Nxd4 Nc6 6. Nc2 Bg7 7. e4 O-O 8. Be2 Qa5 9. O-O d6 10. Qd2 Be6 11. b3 Rac8 12. Rb1 Ne5 13. Nd4 Bg4 14. f3 Bd7 15. Nd5 Qd8 16. Ne3 Nc6 17. Bb2 Nxd4 18. Bxd4 e5 19. Bc3 Bh6 20. Rfe1 Qb6 21. Bf1 a6 22. Kh1 Rfd8 23. Ba5 Qd4 24. Qxd4 exd4 25. Bxd8 Rxd8 26. Nc2 Bd2 27. Red1 Bf4 28. Nxd4 Nh5 29. Ne2 Be5 30. g3 Bc6 31. Bg2 g5 32. Rd2 Re8 33. Rf1 Re6 34. f4 gxf4 35. gxf4 Bg7 36. Ng3 Nf6 37. Rfd1 Bf8 38. Rd4 Ng4 39. Kg1 Ne3 40. R1d2 Rf6 41. e5 dxe5 42. fxe5 Re6 43. Bxc6 Rxc6 44. Re4 Bc5 45. Rd8+ Kg7 46. b4 Bb6 47. Rd7 Nxc4+ 48. Kg2 Ne3+ 49. Kh3 Rh6+ 50. Rh4 Rxh4+ 51. Kxh4 Ng2+ 52. Kg4 Ne3+ 53. Kf3 Nc4 54. Ke4 Na3 55. Nf5+ Kg6 56. Rd6+ Kg5 57. h4+ Kg4 58. Rxb6 Nc4 59. Rd6 f6 60. exf6 Nxd6+ 61. Nxd6 1-0


[Site "https://www.chess.com"]

[Event "Titled Tuesday Blitz June 27 Late 2023"]
[White "Bellissimo, Joseph F."]
[Black "Tristan, Leonardo"]
[WhiteFideId "2609843"]
[BlackFideId "113816"]
[WhiteElo "2431"]
[BlackElo "2762"]
[Result "0-1"]
[Round "1"]
[TimeControl "180+2"]
[Date "2023.06.27"]
[WhiteClock "0:02:03"]
[BlackClock "0:02:34"]
[Board "68"]

1. e4 d5 2. exd5 Qxd5 3. Nc3 Qa5 4. d4 Nf6 5. Nf3 Bf5 6. Ne5 c6 7. Bc4 e6 8. O-O Nbd7 9. Re1 Nxe5 10. dxe5 Nd5 11. Nxd5 cxd5 12. Bd3 Bxd3 13. Qxd3 Qxe1+ 0-1


[Site "https://www.chess.com"]

[Event "Titled Tuesday Blitz June 27 Late 2023"]
[White "Cruz, Jonathan"]
[Black "zsizsi99"]
[WhiteFideId "3802124"]
[WhiteElo "2761"]
[BlackElo "2431"]
[Result "1-0"]
[Round "1"]
[TimeControl "180+2"]
[Date "2023.06.27"]
[WhiteClock "0:00:24"]
[BlackClock "0:00:06"]
[Board "69"]

1. Nf3 Nf6 2. g3 b5 3. Bg2 Bb7 4. O-O e6 5. d3 Be7 6. e4 O-O 7. Re1 c5 8. Nc3 b4 9. Nb1 d5 10. Nbd2 Nc6 11. e5 Nd7 12. Nf1 Qc7 13. Bf4 c4 14. d4 c3 15. b3 a5 16. Ne3 a4 17. Nxd5 exd5 18. e6 Bd6 19. Bxd6 Qxd6 20. exd7 Qxd7 21. Ne5 Nxe5 22. dxe5 axb3 23. axb3 Rxa1 24. Qxa1 Ra8 25. Qd1 Qf5 26. Bxd5 Bxd5 27. Qxd5 Re8 28. Qe4 Qg5 29. Qxb4 Qd2 30. Qe4 f6 31. e6 f5 32. Qe2 Kf8 33. e7+ Kg8 34. Qxd2 cxd2 35. Rd1 Rxe7 36. Rxd2 Re1+ 37. Kg2 Rc1 38. Rd8+ Kf7 39. Rc8 Ke6 40. b4 Kd7 41. Rc5 g6 42. c3 Rc2 43. h4 Kd6 44. Rc8 1-0


[Site "https://www.chess.com"]